 Dungeon Crawl Stone Soup version 0.31-a0-237-g2d982f9f85 (webtiles) character file.

Game seed: 9036843972144511865

53 qw the Shooter (level 3, -3/29 HPs)
             Began as a Minotaur Hexslinger on July 11, 2023.
             Killed from afar by an orc wizard (10 damage)
             ... with a puff of flame
             ... on level 2 of the Dungeon.
             The game lasted 00:00:33 (1310 turns).

qw the Shooter (Minotaur Hexslinger)                Turns: 1310, Time: 00:00:34

Health: -3/29      AC:  2    Str: 12    XL:     3   Next: 62%
Magic:  3/3        EV: 12    Int: 10    God:
Gold:   96         SH:  0    Dex: 14    Spells: 3/4 levels left

rFire   . . .        Y - +1 sling
rCold   . . .        (no shield)
rNeg    . . .        c - +0 robe
rPois   .            (helmet restricted)
rElec   .            (no cloak)
rCorr   .            (no gloves)
SInv    +            (no boots)
Will    .....        (no amulet)
Stlth   +            d - ring of see invisible
HPRegen 0.24/turn    (no ring)
MPRegen 0.08/turn

%: clarity
@: no status effects
A: horns 2, retaliatory headbutt, clarity
a: no special abilities


You were on level 2 of the Dungeon.
You visited 1 branch of the dungeon, and saw 2 of its levels.

You collected 96 gold pieces.


Innate Abilities, Weirdness & Mutations

You have a pair of horns on your head.
You reflexively headbutt those who attack you in melee.
You possess an exceptional clarity of mind.


   Skills:
 - Level 2.0 Fighting
 + Level 4.2 Ranged Weapons
 - Level 2.1 Dodging
 - Level 1.0 Spellcasting
 - Level 2.0 Hexes


You had 3 spell levels left.
You knew the following spells:

 Your Spells              Type           Power      Damage    Failure   Level
a - Slow                  Hex            16%        N/A       16%         1

Your spell library contained the following spells:

 Spells                   Type           Power      Damage    Failure   Level
 Inner Flame              Hex/Fire       2%         N/A       56%         3
 Portal Projectile        Hex/Tloc       4%         N/A       56%         3
 Cause Fear               Hex            2%         N/A       83%         4

Inventory:

Hand Weapons
 Y - a +1 sling (weapon)
Armour
 c - a +0 robe (worn)
 e - a +1 pair of gloves
 h - a +0 leather armour
Jewellery
 d - a ring of see invisible (left hand)
Scrolls
 a - a scroll of identify {unknown}
 j - 3 scrolls of blinking {unknown}
Potions
 b - 2 potions of curing {unknown}
 f - a potion of lignification {unknown}
 g - a potion of magic {unknown}
 i - a potion of mutation

Dungeon Overview and Level Annotations

Branches:
Dungeon (2/15)

Altars:
Gozag


Message History

The orc wizard is moderately wounded.
The orc wizard casts a spell at you.
You feel momentarily confused.
You shoot a sling bullet. The sling bullet hits the orc.
You kill the orc!
The orc wizard points at you and mumbles some strange words.
The puff of flame hits you.
You shoot a sling bullet.
The sling bullet hits the orc wizard but does no damage.
The orc wizard is moderately wounded.
You shoot a sling bullet.
The sling bullet hits the orc wizard but does no damage.
The orc wizard is moderately wounded.
You shoot a sling bullet.
The sling bullet barely misses the orc wizard.
The sling bullet hits the worm but does no damage.
The orc wizard barely misses you.
The orc wizard hits you but does no damage.
You shoot a sling bullet. The sling bullet hits the orc wizard.
The orc wizard is heavily wounded.
The orc wizard gestures at you while chanting.
The magic dart hits you.
You shoot a sling bullet.
The sling bullet hits the orc wizard but does no damage.
The orc wizard is heavily wounded.
The orc wizard hits you with a +0 dagger.
You shoot a sling bullet.
The sling bullet closely misses the orc wizard.
The sling bullet barely misses the worm.
The orc wizard hits you with a +0 dagger.
You shoot a sling bullet.
The sling bullet completely misses the orc wizard.
The orc wizard points at you and mumbles some strange words.
You resist with significant effort.
You shoot a sling bullet. The sling bullet hits the orc wizard.
The orc wizard is severely wounded.
The orc wizard hits you but does no damage.
The orc wizard points at you and mumbles some strange words.
The puff of flame hits you!
You die...

##+####### .....
~~.~~~~~~# ....#
.....~~~~# ###+#....#
......~~~# ........#
..#....~~# #...))<.#
##.##...~# .....>.#
#...#...~### #wo....#
..#..#...'.#####@.....#
#...#...~#%...........#
##.##...~#..###.......#
..#....~~#..##.....####
......~~~#..##.....#
)....~~~~#...#.......
~~.~~~~~~#...#.#+####.
##)#######...#. +
#..#.# ....#.
##~~~..~~~##


You could see a worm and an orc wizard (invisible).

Vanquished Creatures
  An adder (D:2)
  A worm (D:2)
  2 dart slugs (D:1)
  3 orcs (D:2)
  3 endoplasms
  5 goblins
  2 hobgoblins
  2 quokkas (D:2)
  4 ball pythons
  A bat (D:1)
  2 frilled lizards (D:1)
  3 kobolds (D:2)
  5 rats
34 creatures vanquished.

Notes
Turn   | Place    | Note
-------+----------+-------------------------------------------
     0 | D:1      | qw the Minotaur Hexslinger began the quest for the Orb.
     0 | D:1      | Reached XP level 1. HP: 16/16 MP: 1/1
     0 | D:1      | 0 ||| qw: Version: 0.3-a-52-g30416fa
     0 | D:1      | 0 ||| qw: Game counter: 5485
     0 | D:1      | 0 ||| qw: Melee chars always use a shield: true
     0 | D:1      | 0 ||| qw: God list: Okawaru
     0 | D:1      | 0 ||| qw: Allow faded altars: false
     0 | D:1      | 0 ||| qw: Do Orc after clearing Dungeon:15 true
     0 | D:1      | 0 ||| qw: Do second Lair branch before Depths: true
     0 | D:1      | 0 ||| qw: Lair rune preference: random
     0 | D:1      | 0 ||| qw: Goals: Normal
     0 | D:1      | 0 ||| PLANNING D:1-11
   180 | D:1      | Reached skill level 3 in Ranged Weapons
   232 | D:1      | Reached XP level 2. HP: 16/23 MP: 2/2
   679 | D:1      | 679 ||| UPGRADING to ring of see invisible.
   680 | D:1      | 680 ||| READING scroll labelled GOATAO GIXU.
   681 | D:1      | 681 ||| READING scroll labelled GUORPH FUAPS.
   682 | D:1      | 682 ||| READING scroll labelled ACOORCH UKYOME.
   683 | D:1      | 683 ||| DRINKING 2 pink potions.
   683 | D:1      | Gained mutation: You are clumsy. (Dex -2) [potion of
                  | mutation]
   683 | D:1      | Gained mutation: You possess an exceptional clarity of
                  | mind. [potion of mutation]
   683 | D:1      | Lost mutation: You are clumsy. (Dex -2) [potion of
                  | mutation]
   684 | D:1      | 684 ||| DROPPING scroll of poison.
   727 | D:2      | HP: 6/24 [poisoned by an adder]
   873 | D:2      | Reached XP level 3. HP: 29/29 MP: 3/3
   923 | D:2      | Found an opulent altar of Gozag.
  1107 | D:2      | 1107 ||| FLEEEEING.
  1108 | D:2      | 1108 ||| FLEEEEING.
  1109 | D:2      | 1109 ||| FLEEEEING.
  1110 | D:2      | 1110 ||| FLEEEEING.
  1113 | D:2      | 1113 ||| FLEEEEING.
  1114 | D:2      | 1114 ||| FLEEEEING.
  1115 | D:2      | 1115 ||| FLEEEEING.
  1116 | D:2      | 1116 ||| FLEEEEING.
  1117 | D:2      | 1117 ||| FLEEEEING.
  1118 | D:2      | 1118 ||| FLEEEEING.
  1119 | D:2      | 1119 ||| FLEEEEING.
  1134 | D:2      | 1134 ||| FLEEEEING.
  1180 | D:2      | Found a faded altar of an unknown god.
  1235 | D:2      | Reached skill level 4 in Ranged Weapons
  1308 | D:2      | HP: 7/29 [orc wizard/+0 dagger (4)]
  1310 | D:2      | Killed from afar by an orc wizard

Levels and vault maps discovered:
D:1:      dpeg_arrival_concentric_ovals, layout_loops_ring
D:2:      kennysheep_big_flooded_room, layout_basic,
          shapermc_ecumenical_altar_ellora, basic_altar,
          kennysheep_generic_room_2

Skill      XL: |  1  2  3 |
---------------+----------+-----
Ranged Weapons | 3 4 |  4.2
Fighting       | 2 |  2.0
Dodging        | |  2.1
Spellcasting   | |  1.0
Hexes          | |  2.0

Action                     || total
---------------------------++-------
   Fire: Sling             ||   118
    Use: Scroll            ||     3
         Potion            ||     1
 Armour: Robe              ||     9
  Dodge: Dodged            ||    23

Table legend:
 A = Non-vault XP
 B = Vault XP
 C = Vault XP percentage of total XP
 D = Non-vault monster count
 E = Vault monster count
 F = Vault count percentage of total count
                 A         B        C        D         E       F
            +---------+---------+-------+---------+---------+-------
      Total |      68 |       8 |  10.5 |      30 |       4 |  11.8
            +---------+---------+-------+---------+---------+-------
        D:1 |      21 |       0 |   0.0 |      12 |       0 |   0.0
        D:2 |      47 |       8 |  14.5 |      18 |       4 |  18.2
            +---------+---------+-------+---------+---------+-------
